AoeStats
← f.bdz

Black Forest

509904209Analyzed
2v2 RM · 3d ago on Sep 28, 2026· 49m 57s· 4 players
Game mode
Random Map
Map size
Medium (4 player)
Population
200
Speed
Normal
Resources
Standard
Victory
Conquest
Starting age
Dark Age
Ending age
Imperial Age
RankedLock teamsTeams togetherTeam positionsShared explorationLock speedFull tech treeHidden civsTurbo modeCheats
Victory
Defeat
🇮🇩 Magyars · Indonesia
1089
+16
🇮🇩 Portuguese · Indonesia
1086
+17
🇧🇷 Japanese · Brazil
1129
-18
🇨🇴 Italians · Colombia
1069
-15
KEENION
7:39 Loom
13:29 Feudal Age
28:12 Bloodlines
28:35 Gold Mining
28:34 Double-Bit Axe
29:56 Scale Barding Armor
33:36 Castle Age
33:15 Stone Mining
38:30 Chain Barding Armor
38:27 Bow Saw
41:16 Horse Collar
45:10 Heavy Plow
46:41 Corvinian Army
49:12 Husbandry
49:08 Light Cavalry
Queen of Hearts
4:45 Loom
11:37 Feudal Age
13:58 Double-Bit Axe
18:11 Castle Age
29:35 Fishing Lines
30:29 Bow Saw
30:42 Treadmill Crane
31:23 Ballistics
31:08 Gold Mining
31:16 Gillnets
35:52 Imperial Age
34:51 Wheelbarrow
34:42 Murder Holes
35:33 Hand Cart
36:00 Elite Organ Gun
39:11 Chemistry
38:26 Siege Engineers
38:46 Arquebus
40:46 Two-Man Saw
f.bdz
2:47 Loom
3:10 Loom
12:14 Feudal Age
12:47 Double-Bit Axe
13:49 Man-at-Arms
16:36 Forging
16:26 Scale Mail Armor
20:30 Wheelbarrow
20:10 Fishing Lines
25:40 Castle Age
42:24 Town Watch
44:16 Town Patrol
48:10 Imperial Age
47:51 Iron Casting
47:31 Chain Mail Armor
48:12 Capped Ram
juanpats
12:06 Feudal Age
17:09 Castle Age
16:20 Horse Collar
16:31 Double-Bit Axe
16:39 Stone Mining
16:45 Gold Mining
18:18 Bow Saw
19:11 Loom
19:29 Fletching
21:20 Wheelbarrow
20:49 Heavy Plow
23:03 Town Watch
26:47 Light Cavalry
27:37 Bloodlines
31:16 Imperial Age
29:25 Thumb Ring
29:19 Bodkin Arrow
29:24 Padded Archer Armor
30:22 Husbandry
31:02 Ballistics
30:23 Treadmill Crane
32:51 Forging
32:47 Scale Barding Armor
32:44 Bracer
33:26 Squires
33:12 Arson
33:30 Scale Mail Armor
35:09 Chemistry
34:43 Conscription
35:29 Iron Casting
38:01 Chain Mail Armor
38:47 Blast Furnace
38:33 Hand Cart
40:16 Plate Mail Armor
40:24 Hussar
41:51 Chain Barding Armor
47:13 Plate Barding Armor
Connection lost

Rejoining the realm…

Still unreachable

The connection could not be restored.

Session expired

The server has moved on; the page needs a fresh start.